 Dungeon Crawl Stone Soup version 0.31.0-32-g396128a36d (webtiles) character file.

Game seed: 8562526419646037749

60806 TacoSundae the Blocker (level 15, -14/120 HPs)
             Began as a Gnoll Fighter on Apr 15, 2024.
             Was a High Priest of Okawaru.
             Demolished by Donald
             ... wielding a +2 double sword of flaming
              (44 damage)
             ... on level 1 of the Orcish Mines.
             The game lasted 01:20:21 (20719 turns).

TacoSundae the Blocker (Gnoll Fighter)             Turns: 20719, Time: 01:20:22

Health: -14/120    AC: 23    Str: 25    XL:     15   Next: 0%
Magic:  26/29      EV: 14    Int: 11    God:    Okawaru [*****.]
Gold:   1402       SH: 14    Dex: 15    Spells: 34/34 levels left

rFire   . . .        b - +2 short sword (elec)
rCold   + + +        s - +0 kite shield
rNeg    + . .        M - +4 plate armour {rPois}
rPois   +            (no helmet)
rElec   .            u - scarf of the Worm {repulsion, Harm rPois rC+}
rCorr   .            (no gloves)
SInv    .            q - +0 pair of boots
Will    ++...        g - amulet of regeneration
Stlth   ++           I - ring "Kuipileh" {rC+ rN+ Str+6 Int+3}
HPRegen 1.20/turn    E - ring of willpower
MPRegen 0.21/turn

%: harm (+30% outgoing, +20% incoming), repel missiles
@: mighty, heroic, finesse-ful, hasted, very quick
A: fangs 1, strong nose, distributed training, cold resistance 1, MP-powered
wands
a: Renounce Religion, Heroism, Finesse, Duel


You were on level 1 of the Orcish Mines.
You worshipped Okawaru.
Okawaru was extremely pleased with you.
You visited 5 branches of the dungeon, and saw 19 of its levels.

You collected 1442 gold pieces.
You spent 40 gold pieces at shops.

Inventory:

Hand Weapons
 a - a +5 spear
 b - a +2 short sword of electrocution (weapon)
 w - a +2 quick blade of protection
Missiles
 c - 6 silver javelins
 j - 29 poisoned darts (quivered)
 t - 7 boomerangs
 D - 5 throwing nets
 H - 2 javelins
Armour
 h - +1 steam dragon scales
 p - a +0 cloak
 q - a +0 pair of boots (worn)
 s - a +0 kite shield (worn)
 u - the scarf of the Worm (worn) {repulsion, Harm rPois rC+}
   (You found it on level 1 of the Lair of Beasts)

   rC+:       It protects you from cold.
   rPois:     It protects you from poison Harm: It increases damage dealt and
   taken.
 M - a +4 plate armour of poison resistance (worn)
Jewellery
 g - an amulet of regeneration (around neck)
 m - a ring of fire
 A - a ring of flight
 B - a ring of protection from cold
 E - a ring of willpower (right hand)
 F - a ring of protection from fire
 I - the ring "Kuipileh" (left hand) {rC+ rN+ Str+6 Int+3}
   (You acquired it on level 4 of the Lair of Beasts)

   [ring of strength]

   Str+6:     It affects your strength (+6).
   Int+3:     It affects your intelligence (+3).
   rC+:       It protects you from cold.
   rN+:       It protects you from negative energy.
Wands
 d - a wand of polymorph (16)
 v - a wand of paralysis (1)
 L - a wand of acid (2)
Scrolls
 e - 3 scrolls of silence
 i - 6 scrolls of teleportation
 o - 2 scrolls of enchant armour
 y - a scroll of blinking
 J - a scroll of fog
 K - a scroll of enchant weapon
Potions
 f - 3 potions of enlightenment
 k - a potion of might
 l - a potion of mutation
 n - 5 potions of curing
 r - a potion of haste
 x - 2 potions of ambrosia
 z - a potion of brilliance
 C - a potion of lignification
 G - 3 potions of attraction


   Skills:
 + Level 11.9(16.9) Fighting
 + Level 10.0(15.0) Short Blades
 + Level 10.0(15.0) Long Blades
 + Level 10.0(15.0) Axes
 + Level 10.0(15.0) Maces & Flails
 + Level 11.0(16.0) Polearms
 + Level 10.0(15.0) Staves
 + Level 10.0(15.0) Ranged Weapons
 + Level 10.0(15.0) Throwing
 + Level 11.9(16.9) Armour
 + Level 10.0(15.0) Dodging
 + Level 10.0(15.0) Stealth
 + Level 11.9(16.9) Shields
 + Level 10.0(15.0) Unarmed Combat
 + Level 10.0 Spellcasting
 + Level 8.4 Conjurations
 + Level 8.4 Hexes
 + Level 8.4 Summonings
 + Level 8.4 Necromancy
 + Level 8.4 Translocations
 + Level 8.4 Fire Magic
 + Level 8.4 Ice Magic
 + Level 8.4 Air Magic
 + Level 8.4 Earth Magic
 + Level 8.4 Alchemy
 + Level 10.9 Invocations
 + Level 10.0 Evocations
 + Level 9.2 Shapeshifting


You had 34 spell levels left.
You didn't know any spells.
Your spell library contained the following spells:

 Spells                   Type           Power      Damage    Failure   Level
 Magic Dart               Conj           96%        1d7       3%          1
 Mercury Vapours          Alch/Air       48%        N/A       5%          2
 Searing Ray              Conj           48%        2d6       5%          2
 Mephitic Cloud           Conj/Alch/Air  24%        N/A       11%         3
 Anguish                  Hex/Necr       12%        N/A       34%         4
 Cause Fear               Hex            12%        N/A       34%         4
 Fulminant Prism          Conj/Alch      12%        3d8       34%         4
 Passage of Golubria      Tloc           24%        N/A       34%         4
 Vhi's Electric Charge    Tloc/Air       48%        N/A       34%         4
 Arcjolt                  Conj/Air       12%        1d22      69%         5
 Freezing Cloud           Conj/Ice/Air   12%        6-21      69%         5
 Silence                  Hex/Air        12%        N/A       69%         5
 Plasma Beam              Fire/Air       12%        2x1d23    99%         6
 Enfeeble                 Hex            12%        N/A       100%        7
 Lehudib's Crystal Spear  Conj/Erth      12%        10d4      100%        8


Dungeon Overview and Level Annotations

Branches:
Dungeon (10/15)            Temple (1/1) D:5            Lair (5/5) D:9
 Shoals (0/4) Lair:3        Snake (1/4) Lair:3        Slime (0/5) Lair:4
    Orc (2/2) D:9
    Elf: Orc:2

Altars:
Ashenzari
Cheibriados
Dithmenos
Elyvilon
Fedhas
Gozag
Hepliaklqana
Kikubaaqudgha
Makhleb
Nemelex Xobeh
Okawaru
Qazlal
Ru
Sif Muna
Trog
Uskayaw
Vehumet
Wu Jian
Xom
Yredelemnul
Zin
The Shining One
Jiyva

Shops:
D:2 *   D:8 (   Orc:1 (

Annotations:
Lair:3 2 transporters, rutigerpupkin's ghost, journeyman GrEE
Lair:5 exclusions: obsidian statue and 6 oklob plants
Orc:1 Donald


Innate Abilities, Weirdness & Mutations

You have very sharp teeth.
Your uncanny sense of smell can sniff out nearby items.
Your experience applies equally to all skills.
Your flesh is cold resistant. (rC+)
You expend magic power (3 MP) to strengthen your wands.


Message History

Unknown command.
Unknown command.
You barely miss Donald.
Donald is lightly wounded.
You hit Donald.
Donald is moderately wounded.
Donald hits you with a +2 double sword of flaming!!!
* * * LOW HITPOINT WARNING * * *
Donald burns you.
* * * LOW HITPOINT WARNING * * *
Unknown command.
Blink to where?
Press: ? - help, Dir - move target
As you read the scroll of blinking, it crumbles to dust.
Okay, then.
Unknown command.
Okay, then.
Unknown command.
Okay, then.
Unknown command.
Okay, then.
Unknown command.
Unknown command.
Unknown command.
Unknown command.
Donald says, "That colour you're wearing?
I hate that."
Okay, then.
Unknown command.
You feel very mighty all of a sudden.
You feel yourself speed up.
You hit Donald. Lightning courses through Donald!!
Donald is heavily wounded.
Donald misses you.
You hit Donald but do no damage.
Donald is heavily wounded.
Donald blocks your attack. x2
Donald is heavily wounded.
Donald hits you with a +2 double sword of flaming!!!
You die...
Donald says, "I won.
I... don't hate that."

##.##........##
#...#.......##
##.#.........# ###
####........###.##
###).........#...#
###.....#.......#.##
#.......###.....#.##
##....###.##@......#
#.....)#...#@...##)##
#......[#.......[>[.#
##.#...........#)#[##
###...........#####
###.#..)∩....##
###.####[.[..###
####....##..[....####
#.......#.[<[.....#.##
.....#.##..)[........#


You could see Donald (fast, strong).

Vanquished Creatures
  2 orc warlords (Orc:1)
  3 dire elephants (Lair:5)
  Fannar (Orc:1)
  3 boulder beetles
  A two-headed ogre (D:9)
  4 death yaks
  3 orc high priests
  A skyshark (Lair:5)
  A spectral death yak (Lair:5)
  Nergalle (Lair:3)
  A spectral anaconda (Lair:5)
  A lindwurm (Lair:3)
  Pikel (D:6)
  4 orc sorcerers
  An orc knight (Orc:1)
  A salamander (Lair:3)
  4 necromancers (Lair:5)
  A dire elephant zombie (Lair:5)
  23 elephants
  4 kobold blastminers
  6 black mambas
  A gargoyle (D:10)
  A molten gargoyle (Lair:3)
  2 torpor snails
  18 cane toads
  5 rime drakes
  9 komodo dragons
  A troll (Orc:1)
  A burning bush (Lair:2)
  A polar bear (Lair:4)
  A hornet (Lair:1)
  6 blink frogs
  A spectral elephant (Lair:5)
  Sigmund (D:2)
  35 yaks
  3 basilisks
  3 wyverns
  A steam dragon (D:7)
  A death yak simulacrum (Lair:5)
  Menkaure (D:5)
  Duvessa (D:5)
  13 water moccasins
  2 ice beasts
  33 orc warriors
  2 elephant zombies (Lair:5)
  2 sky beasts
  A black bear (D:6)
  38 wolves
  5 ogres
  A phantom (D:7)
  A centaur (D:8)
  2 kobold brigands
  13 bullfrogs
  2 gnoll sergeants
  A cane toad simulacrum (Lair:5)
  3 scorpions
  12 wights
  An elephant simulacrum (Lair:5)
  Dowan (D:5)
  6 killer bees (D:9)
  3 howler monkeys (D:10)
  4 electric eels
  2 lava snakes (Lair:3)
  A gnoll bouda (D:6)
  24 orc priests
  3 hounds
  3 iguanas (D:5)
  7 jellies
  4 sleepcaps
  Ijyb (D:5)
  21 orc wizards
  Robin (D:5)
  2 adders (D:2)
  17 gnolls
  2 shadow imps (D:7)
  A white imp (D:8)
  2 ufetubi (D:7)
  A dart slug (D:2)
  A ribbon worm (D:2)
  64 orcs
  5 bats
  9 endoplasms
  4 giant cockroaches
  10 goblins
  7 hobgoblins
  5 quokkas
  6 ball pythons
  5 frilled lizards
  17 kobolds
  5 rats
536 creatures vanquished.

Vanquished Creatures (others)
  A bullfrog (D:7)
  An orc (Orc:1)
2 creatures vanquished.

Grand Total: 538 creatures vanquished

Notes
Turn   | Place    | Note
-------+----------+-------------------------------------------
     0 | D:1      | TacoSundae the Gnoll Fighter began the quest for the Orb.
     0 | D:1      | Reached XP level 1. HP: 23/23 MP: 1/1
   192 | D:1      | Reached XP level 2. HP: 29/29 MP: 2/2
   957 | D:2      | Noticed Sigmund
   992 | D:2      | Killed Sigmund
   993 | D:2      | Reached skill level 1 in Short Blades
   993 | D:2      | Reached skill level 1 in Long Blades
   993 | D:2      | Reached skill level 1 in Axes
   993 | D:2      | Reached skill level 1 in Maces & Flails
   993 | D:2      | Reached skill level 1 in Staves
   993 | D:2      | Reached skill level 1 in Ranged Weapons
   993 | D:2      | Reached skill level 1 in Throwing
   993 | D:2      | Reached skill level 1 in Dodging
   993 | D:2      | Reached skill level 1 in Stealth
   993 | D:2      | Reached skill level 1 in Unarmed Combat
   993 | D:2      | Reached skill level 1 in Spellcasting
   993 | D:2      | Reached skill level 1 in Conjurations
   993 | D:2      | Reached skill level 1 in Hexes
   993 | D:2      | Reached skill level 1 in Summonings
   993 | D:2      | Reached skill level 1 in Necromancy
   993 | D:2      | Reached skill level 1 in Translocations
   993 | D:2      | Reached skill level 1 in Fire Magic
   993 | D:2      | Reached skill level 1 in Ice Magic
   993 | D:2      | Reached skill level 1 in Air Magic
   993 | D:2      | Reached skill level 1 in Earth Magic
   993 | D:2      | Reached skill level 1 in Alchemy
   993 | D:2      | Reached skill level 1 in Invocations
   993 | D:2      | Reached skill level 1 in Evocations
   993 | D:2      | Reached skill level 1 in Shapeshifting
   993 | D:2      | Reached XP level 3. HP: 31/35 MP: 2/5
   993 | D:2      | Reached XP level 4. HP: 37/41 MP: 2/6
   993 | D:2      | Reached XP level 5. HP: 42/47 MP: 2/7
  1063 | D:2      | Found Tisac's General Store.
  1068 | D:2      | Bought a potion of might for 40 gold pieces
  1248 | D:2      | Found a faded altar of an unknown god.
  1898 | D:3      | Reached XP level 6. HP: 45/53 MP: 8/8
  2015 | D:3      | Found an iron altar of Okawaru.
  2024 | D:3      | Became a worshipper of Warmaster Okawaru
  2229 | D:4      | Found a white marble altar of Elyvilon.
  2237 | D:4      | Reached skill level 5 in Polearms
  2453 | D:4      | Found an ornate altar of the Wu Jian Council.
  3093 | D:5      | Entered Level 5 of the Dungeon
  3120 | D:5      | Noticed Menkaure
  3149 | D:5      | Killed Menkaure
  3150 | D:5      | Reached XP level 7. HP: 20/60 MP: 10/10
  3232 | D:5      | Reached * piety under Okawaru
  3421 | D:5      | Found a staircase to the Ecumenical Temple.
  3435 | Temple   | Entered the Ecumenical Temple
  3547 | D:5      | Noticed Ijyb
  3547 | D:5      | Noticed Robin
  3571 | D:5      | Reached XP level 8. HP: 41/67 MP: 12/12
  3594 | D:5      | Killed Robin
  3633 | D:5      | Killed Ijyb
  3840 | D:5      | Noticed Dowan
  3855 | D:5      | Killed Dowan
  3861 | D:5      | Noticed Duvessa
  3890 | D:5      | Killed Duvessa
  4463 | D:6      | Noticed a yak
  4469 | D:6      | Noticed a yak
  4472 | D:6      | Noticed a yak
  4483 | D:5      | Killed a yak
  4750 | D:6      | Killed a yak
  4750 | D:6      | Reached ** piety under Okawaru
  4751 | D:6      | Reached XP level 9. HP: 73/73 MP: 11/14
  5259 | D:6      | Found a sparkling altar of Nemelex Xobeh.
  5371 | D:6      | Noticed Pikel
  5371 | D:6      | Found a snail-covered altar of Cheibriados.
  5418 | D:6      | Found a shadowy altar of Dithmenos.
  5460 | D:6      | Killed Pikel
  5461 | D:6      | Reached skill level 5 in Invocations
  6019 | D:7      | Reached *** piety under Okawaru
  6198 | D:7      | Reached skill level 5 in Short Blades
  6198 | D:7      | Reached skill level 5 in Long Blades
  6198 | D:7      | Reached skill level 5 in Axes
  6198 | D:7      | Reached skill level 5 in Maces & Flails
  6198 | D:7      | Reached skill level 5 in Staves
  6198 | D:7      | Reached skill level 5 in Ranged Weapons
  6198 | D:7      | Reached skill level 5 in Throwing
  6198 | D:7      | Reached skill level 5 in Dodging
  6198 | D:7      | Reached skill level 5 in Stealth
  6198 | D:7      | Reached skill level 5 in Unarmed Combat
  6198 | D:7      | Reached skill level 5 in Spellcasting
  6198 | D:7      | Reached skill level 5 in Evocations
  6198 | D:7      | Reached XP level 10. HP: 44/81 MP: 17/17
  6592 | D:7      | Found a shimmering blue altar of Sif Muna.
  6714 | D:8      | Found Cahat's Antique Weapon Shop.
  7136 | D:8      | Reached **** piety under Okawaru
  7468 | D:9      | Found a staircase to the Lair.
  7609 | D:9      | Reached skill level 5 in Shapeshifting
  7860 | D:9      | Found a broken altar of Ashenzari.
  7980 | D:9      | Noticed a two-headed ogre
  7989 | D:9      | Killed a two-headed ogre
  7995 | D:9      | Found a staircase to the Orcish Mines.
  8058 | D:9      | Found a sacrificial altar of Ru.
  8446 | D:10     | Entered Level 10 of the Dungeon
  8493 | D:10     | Reached ***** piety under Okawaru
  8751 | D:10     | Reached skill level 5 in Conjurations
  8751 | D:10     | Reached skill level 5 in Hexes
  8751 | D:10     | Reached skill level 5 in Summonings
  8751 | D:10     | Reached skill level 5 in Necromancy
  8751 | D:10     | Reached skill level 5 in Translocations
  8751 | D:10     | Reached skill level 5 in Fire Magic
  8751 | D:10     | Reached skill level 5 in Ice Magic
  8751 | D:10     | Reached skill level 5 in Air Magic
  8751 | D:10     | Reached skill level 5 in Earth Magic
  8751 | D:10     | Reached skill level 5 in Alchemy
  8876 | D:10     | Found a radiant altar of Vehumet.
  8983 | D:10     | Reached XP level 11. HP: 80/87 MP: 20/20
  9253 | D:10     | Found a glowing golden altar of the Shining One.
  9585 | Lair:1   | Entered Level 1 of the Lair of Beasts
 10108 | Lair:1   | Received a gift from Okawaru
 10296 | Lair:1   | Identified the scarf of the Worm {repulsion, Harm rPois
                  | rC+}
 10585 | Lair:1   | Noticed a boulder beetle
 10597 | Lair:1   | Killed a boulder beetle
 10961 | Lair:1   | HP: 4/90 [cane toad (7)]
 10991 | Lair:1   | Received a gift from Okawaru
 10992 | Lair:1   | Reached XP level 12. HP: 25/97 MP: 22/22
 11498 | Lair:2   | Reached ****** piety under Okawaru
 11499 | Lair:2   | Acquired a +2 quick blade of protection
 11499 | Lair:2   | Received a gift from Okawaru
 11850 | Lair:2   | Received a gift from Okawaru
 11891 | Lair:2   | Reached skill level 10 in Fighting
 11891 | Lair:2   | Reached skill level 10 in Armour
 11891 | Lair:2   | Reached skill level 10 in Shields
 12584 | Lair:3   | Noticed a boulder beetle
 12608 | Lair:3   | Killed a boulder beetle
 12708 | Lair:3   | Found a staircase to the Snake Pit.
 12770 | Snake:1  | Entered Level 1 of the Snake Pit
 12903 | Lair:3   | Received a gift from Okawaru
 13059 | Lair:3   | Found a staircase to the Shoals.
 13118 | Lair:3   | Noticed Nergalle
 13125 | Lair:3   | Killed Nergalle
 13541 | Lair:3   | Found an iron altar of Okawaru.
 13549 | Lair:3   | Received a gift from Okawaru
 13624 | Lair:3   | Reached XP level 13. HP: 76/104 MP: 25/25
 13625 | Lair:3   | Noticed rutigerpupkin's ghost (journeyman GrEE)
 13629 | Lair:3   | Found a transporter.
 13631 | Lair:3   | Found a transporter.
 14325 | Lair:4   | Found a viscous altar of Jiyva.
 14325 | Lair:4   | Found a staircase to the Slime Pits.
 14635 | Lair:4   | Identified the +0 plate armour of Yesterday {+Blink Int+2
                  | Dex+3 Stlth-}
 14864 | Lair:4   | Identified a scroll of acquirement
 14864 | Lair:4   | Acquired the ring "Kuipileh" {rC+ rN+ Str+6 Int+3}
 14970 | Lair:4   | Received a gift from Okawaru
 15347 | Lair:5   | Entered Level 5 of the Lair of Beasts
 15504 | Lair:5   | HP: 2/105 [skyshark (20)]
 15505 | Lair:5   | please end it
 15603 | Lair:5   | Gained mutation: You expend magic power (3 MP) to
                  | strengthen your wands. [potion of mutation]
 15603 | Lair:5   | Gained mutation: Your flesh is cold resistant. (rC+)
                  | [potion of mutation]
 15687 | Lair:5   | Reached skill level 10 in Polearms
 15929 | Lair:5   | Received a gift from Okawaru
 16114 | Lair:5   | Reached XP level 14. HP: 113/113 MP: 27/27
 16135 | Lair:5   | Reached skill level 10 in Invocations
 17182 | Lair:5   | Noticed a dire elephant
 17182 | Lair:5   | Noticed a dire elephant
 17183 | Lair:5   | Noticed a dire elephant
 17290 | Lair:5   | Received a gift from Okawaru
 17839 | Lair:5   | Killed a dire elephant
 17968 | Lair:5   | Killed a dire elephant
 18051 | Lair:5   | Killed a dire elephant
 18153 | Lair:5   | Received a gift from Okawaru
 18550 | Orc:1    | Entered Level 1 of the Orcish Mines
 18550 | Orc:1    | Found Tiprout's Weapon Shoppe.
 18764 | Orc:1    | Paralysed by an orc sorcerer for 3 turns
 19156 | Orc:1    | Noticed Fannar
 19191 | Orc:1    | Killed Fannar
 19237 | Orc:1    | Found a radiant altar of Vehumet.
 19297 | Orc:1    | Noticed an orc warlord
 19389 | Orc:1    | Killed an orc warlord
 19575 | Orc:2    | Entered Level 2 of the Orcish Mines
 19710 | Orc:2    | Noticed an orc warlord
 19782 | Orc:1    | HP: 4/114 [orc warlord/+0 great sword (26)]
 19786 | Orc:1    | Killed an orc warlord
 19786 | Orc:1    | Received a gift from Okawaru
 20185 | Orc:1    | Reached skill level 10 in Short Blades
 20185 | Orc:1    | Reached skill level 10 in Long Blades
 20185 | Orc:1    | Reached skill level 10 in Axes
 20185 | Orc:1    | Reached skill level 10 in Maces & Flails
 20185 | Orc:1    | Reached skill level 10 in Staves
 20185 | Orc:1    | Reached skill level 10 in Ranged Weapons
 20185 | Orc:1    | Reached skill level 10 in Throwing
 20185 | Orc:1    | Reached skill level 10 in Dodging
 20185 | Orc:1    | Reached skill level 10 in Stealth
 20185 | Orc:1    | Reached skill level 10 in Unarmed Combat
 20185 | Orc:1    | Reached skill level 10 in Spellcasting
 20185 | Orc:1    | Reached skill level 10 in Evocations
 20387 | Orc:2    | Noticed Donald
 20601 | Orc:2    | Reached XP level 15. HP: 114/120 MP: 29/29
 20719 | Orc:1    | Demolished by Donald

Illustrated notes

#.. #...P......
...##..........
...............
............... ..
............. #... ∆
....#...PP#### ###... #
#.....# #.###....# .#
#.....###.#.###..####.###
=...+...†.F@..<.##........PP
... #.....Y.....##P.........
...........P...#.##...#
...P.....###.###.....#
.#.#.....# ####.#).P##
.........# #......#
.........# ##.##....#
.......... ... .........∆
.#...#..#. #######.......


Turn 15505 on Lair:5: please end it

Levels and vault maps discovered:
D:1:      evilmike_arrival_crescent, layout_basic
D:2:      minmay_wonky_spiral, layout_rooms, chequers_ecumenical_altar_island,
          serial_shops, nicolae_shop_rolling_square, minmay_indecisive_spiral,
          uniq_sigmund
D:3:      layout_basic, okawaru_metal_pillars_3, minmay_bisected
D:4:      layout_basic, elyvilon_altar_5, nzn_wu_jian_council_hall
D:5:      layout_basic, minmay_temple_entry_overgrown, grunt_ministairs_11,
          nicolae_goblin_pals, uniq_menkaure, uniq_duvessa
D:6:      layout_layer_cave, old_standard_altar, jmf_multi_god_temple,
          uniq_pikel
D:7:      layout_basic, led_sif_pool, grunt_ministairs_1,
          wad_floor_pattern_untrapped
D:8:      layout_cave_pools, serial_shops, shop
D:9:      layout_basic, nicolae_overflow_crystal_walls, ashenzari_altar_1,
          dpeg_oklobed_lair, orc_0_dummy
D:10:     layout_cross, mainiacjoe_overflow_paths, tso_altar
Temple:   hellmonk_temple_of_storms
Lair:1:   layout_gridlike, small_statue_intersection, grunt_megastairs_5
Lair:2:   layout_loops_ring, evilmike_ambush [evilmike_ambush_outer_corners,
          evilmike_ambush_inner_basic]
Lair:3:   layout_roguey, shoals_dummy_entry, nicolae_snake_entry_warm_welcome,
          gammafunk_ghost_hive, basic_altar, nicolae_volcano_entry_vermiform,
          uniq_nergalle
Lair:4:   layout_roguey, slime_entry_1, disabler_island, serial_bayou_shore_b,
          infiniplex_staircase_pool_2, lemuel_fruit_tree
Lair:5:   due_jungle_book, layout_regular_city, dreamdust_mushroom_princess,
          dpeg_oklob_1
Snake:1:  layout_layer_cave
Orc:1:    layout_diamond_mine, basic_altar, serial_shops, shop_coins,
          uniq_fannar
Orc:2:    st_orc_mages, layout_caves, uniq_donald

Skill      XL: |  1  2  3  4  5  6  7  8  9 10 11 12 13 14 |
---------------+-------------------------------------------+-----
Short Blades   | 1 2 3 5 6 7 8 9 10 | 10.0
Long Blades    | 1 2 3 5 6 7 8 9 10 | 10.0
Axes           | 1 2 3 5 6 7 8 9 10 | 10.0
Maces & Flails | 1 2 3 5 6 7 8 9 10 | 10.0
Staves         | 1 2 3 5 6 7 8 9 10 | 10.0
Ranged Weapons | 1 2 3 5 6 7 8 9 10 | 10.0
Throwing       | 1 2 3 5 6 7 8 9 10 | 10.0
Dodging        | 1 2 3 5 6 7 8 9 10 | 10.0
Stealth        | 1 2 3 5 6 7 8 9 10 | 10.0
Unarmed Combat | 1 2 3 5 6 7 8 9 10 | 10.0
Spellcasting   | 1 2 3 5 6 7 8 9 10 | 10.0
Conjurations   | 1 2 3 4 5 6 7 8 |  8.4
Hexes          | 1 2 3 4 5 6 7 8 |  8.4
Summonings     | 1 2 3 4 5 6 7 8 |  8.4
Necromancy     | 1 2 3 4 5 6 7 8 |  8.4
Translocations | 1 2 3 4 5 6 7 8 |  8.4
Fire Magic     | 1 2 3 4 5 6 7 8 |  8.4
Ice Magic      | 1 2 3 4 5 6 7 8 |  8.4
Air Magic      | 1 2 3 4 5 6 7 8 |  8.4
Earth Magic    | 1 2 3 4 5 6 7 8 |  8.4
Alchemy        | 1 2 3 4 5 6 7 8 |  8.4
Invocations    | 1 2 3 4 5 6 7 8 9 10 | 10.9
Evocations     | 1 2 3 5 6 7 8 9 10 | 10.0
Shapeshifting  | 1 2 3 4 5 6 7 8 9 |  9.2
Polearms       | 5 6 7 8 9 10 11 | 11.0
Fighting       | 7 8 9 10 11 | 11.9
Armour         | 7 8 9 10 11 | 11.9
Shields        | 7 8 9 10 11 | 11.9

Action                     |  1- 3 |  4- 6 |  7- 9 | 10-12 | 13-15 || total
---------------------------+-------+-------+-------+-------+-------++-------
  Melee: Trident           |    56 |    48 |       |       |       ||   104
         Bite              |     4 |    22 |    57 |   204 |   332 ||   619
         Short sword       |       |    87 |    96 |   554 |  1217 ||  1954
         Spear             |       |    45 |   414 |   590 |   680 ||  1729
         Unarmed           |       |       |    51 |       |       ||    51
         Quick blade       |       |       |       |   256 |       ||   256
  Throw: Dart              |       |       |     2 |     7 |     6 ||    15
         Boomerang         |       |       |       |     8 |    47 ||    55
 Invoke: Heroism           |       |       |     5 |    10 |    10 ||    25
         Finesse           |       |       |       |     1 |     5 ||     6
         Receive Weapon    |       |       |       |     1 |       ||     1
    Use: Potion            |     1 |       |       |     3 |     5 ||     9
         Scroll            |       |       |    13 |     9 |     3 ||    25
   Stab: Sleeping          |       |       |     1 |    10 |     6 ||    17
         Distracted        |       |       |       |     2 |     3 ||     5
 Armour: Scale mail        |    26 |    84 |   232 |     9 |       ||   351
         Skin              |       |       |    18 |     4 |       ||    22
         Steam dragon scal |       |       |       |   477 |   429 ||   906
         Plate armour      |       |       |       |       |   183 ||   183
  Dodge: Dodged            |    13 |    55 |   187 |   478 |   501 ||  1234
         Repelled          |       |       |       |     1 |     7 ||     8
  Block: Buckler           |    13 |    37 |    95 |   293 |       ||   438
         Kite shield       |       |       |       |    16 |   741 ||   757
